Map: Blackburn LE

Players

Lambo - Winner!

  • Race: Zerg Zerg

ShaDoWn

  • Race: Protoss Protoss

Event: DreamHack SC2 Masters 2021 Winter

VOD

Have the link to the VOD?

Description

Time

  • Played on: Oct. 9, 2021, 1:02 p.m.
  • Length: 3:49

All games in this series

Show
View Real Time Build Order
Export as new Build Order

Lambo Zerg - Winner!

Build Orders: Hatch First 

Get SALT Encoding   

  12  0:00  Drone  
  13  0:12  Overlord  
  13  0:16  Drone  
  14  0:30  Drone x2  
  16  0:48  Hatchery  
  15  0:51  Drone  
  15  0:54  Drone  
  17  0:57  Drone  
  18  1:08  Extractor  
  17  1:13  Spawning Pool  
  17  1:16  Drone  
  17  1:20  Drone  
  18  1:27  Drone  
  19  2:00  Zergling x8  
  22  2:10  Zergling x2  
  18  2:16  Zergling x2  
  18  2:27  Zergling x4  
  19  2:33  Queen  
  19  2:41  Drone  
  19  2:43  Drone  
  21  2:48  Drone x2  
  23  3:00  Queen  
  23  3:01  Drone  
  26  3:06  Drone  
  27  3:15  Overlord  
Show
View Real Time Build Order
Export as new Build Order

ShaDoWn Protoss 

Build Orders:  

Get SALT Encoding   

  12  0:00  Probe  
  13  0:13  Probe  
  14  0:25  Probe  
  14  0:27  Pylon  
  15  0:45  Gateway  
  15  0:46  Gateway  
  15  0:50  Probe  
  16  1:00  Forge  
  16  1:05  Probe  
  17  1:31  Zealot x2 (Chrono Boost)  
  17  1:37  Pylon  
  21  1:57  Photon Cannon  
  21  1:58  Photon Cannon  
  21  2:03  Photon Cannon  
  21  2:12  Photon Cannon  
  19  2:16  Photon Cannon  
  19  2:18  Probe  
  18  2:30  Probe  
  20  2:44  Pylon  
  20  2:48  Nexus  
  19  2:52  Probe  
  20  3:02  Photon Cannon  
  20  3:05  Probe  
  21  3:10  Pylon  
  21  3:17  Probe  

Tags
 
Add a new tag
Caveats
  • Supply blocks, unpowered buildings, or Contaminate may cause inaccurate times.
  • Supply counts are checked every 10 seconds.